Map: Frostline LE

Players

LewisKiniski

  • Race: Protoss Protoss
  • League: Master
  • Spawn Location: 7:00

A.I. 1 (Very Easy) - Winner!

  • Race: Protoss Protoss
  • Spawn Location: 1:00

VOD

Have the link to the VOD?

Description

Time

  • Played on: Dec. 12, 2024, 2:03 a.m.
  • Length: 10:13
Show
View Real Time Build Order
Export as new Build Order

LewisKiniski Protoss 

Build Orders: Archon Immortal 

Get SALT Encoding   

  12  0:00  Probe  
  13  0:12  Probe  
  14  0:18  Pylon  
  14  0:23  Probe  
  15  0:32  Probe  
  15  0:37  Gateway  
  15  0:40  Probe  
  16  0:46  Assimilator  
  17  0:51  Probe  
  17  0:54  Assimilator  
  18  1:02  Probe  
  19  1:10  Probe, Gateway  
  20  1:18  Probe  
  20  1:24  Cybernetics Core  
  21  1:30  Probe  
  22  1:34  Pylon  
  22  1:42  Probe  
  24  1:54  Probe  
  24  1:59  Stalker  
  24  2:01  Sentry  
  24  2:03  Warp Gate  
  24  2:06  Probe  
  29  2:09  Pylon  
  29  2:18  Probe  
  30  2:24  Stalker  
  30  2:26  Stalker  
  34  2:49  Nexus  
  34  2:58  Robotics Facility  
  34  3:01  Probe  
  35  3:09  Probe  
  35  3:11  Pylon  
  35  3:17  Probe  
  36  3:21  Forge  
  37  3:27  Probe, Sentry  
  37  3:29  Sentry  
  42  3:36  Protoss Ground Weapons Level 1  
  42  3:39  Probe  
  43  3:45  Observer  
  44  3:51  Probe  
  44  3:54  Immortal  
  45  4:03  Probe  
  45  4:04  Probe  
  51  4:15  Stalker, Probe  
  51  4:16  Probe  
  55  4:22  Stalker  
  57  4:27  Probe  
  57  4:28  Probe, Pylon  
  59  4:38  Observer  
  60  4:43  Probe x2, Gateway x2  
  62  4:46  Assimilator  
  62  4:48  Assimilator  
  62  4:55  Probe x2  
  62  4:58  Pylon  
  64  5:03  Twilight Council  
  64  5:07  Probe x2  
  64  5:09  Warp Prism  
  68  5:19  Probe x2  
  70  5:23  Pylon  
  70  5:30  Protoss Ground Weapons Level 2  
  70  5:31  Probe  
  70  5:34  Probe  
  71  5:37  Nexus  
  71  5:41  Pylon  
  71  5:43  Probe  
  71  5:46  Probe  
  73  5:53  Templar Archives  
  73  5:55  Probe  
  73  5:56  Charge  
  74  5:58  Probe  
  75  6:04  Immortal  
  75  6:05  Forge  
  75  6:07  Probe  
  75  6:10  Probe  
  81  6:19  Protoss Ground Armor Level 1  
  81  6:20  Probe  
  81  6:22  Probe  
  83  6:30  Pylon  
  83  6:32  Probe, High Templar x2  
  88  6:33  Zealot x2  
  88  6:35  Probe  
  88  6:36  Archon  
  93  6:44  Probe, Pylon  
  93  6:46  Pylon  
  94  6:48  Probe  
  94  6:50  Probe  
  96  6:56  Probe  
  96  6:57  Immortal  
  96  7:00  Probe  
  102  7:01  Assimilator  
  102  7:02  Probe  
  102  7:06  Assimilator  
  102  7:08  Probe  
  104  7:10  Pylon  
  104  7:12  Probe  
  104  7:14  Probe, High Templar x2, Zealot  
  104  7:15  Zealot  
  114  7:18  Archon  
  114  7:20  Probe  
  115  7:24  Probe  
  115  7:26  Probe  
  117  7:32  Probe  
  118  7:40  Gateway  
  118  7:41  Gateway  
  118  7:43  Probe x2, Gateway  
  120  7:44  Probe  
  120  7:45  Gateway  
  120  7:46  Immortal  
  125  7:55  Probe x2  
  127  8:00  Probe  
  128  8:05  Nexus  
  128  8:07  Probe x2  
  128  8:08  Pylon  
  130  8:12  Pylon  
  130  8:14  Pylon  
  130  8:18  Assimilator  
  130  8:22  Assimilator  
  130  8:28  High Templar x3  
  130  8:29  High Templar  
  130  8:32  Archon x2  
  138  8:38  Immortal  
  142  8:44  Zealot  
  142  8:45  Zealot x3  
  150  8:53  Probe x3  
  153  9:00  Gateway  
  153  9:02  Gateway  
  153  9:04  High Templar x3  
  153  9:05  High Templar, Gateway  
  153  9:07  Gateway, Zealot x2  
  153  9:09  Archon  
  165  9:10  Archon  
  165  9:14  Pylon  
  165  9:17  Pylon  
  165  9:19  Pylon, Immortal  
  165  9:20  Pylon  
  165  9:21  Pylon  
  169  9:42  High Templar x3  
  169  9:44  Zealot x5  
  185  9:46  Nexus, Archon  
  185  9:48  Pylon  
  185  9:50  Pylon  
  185  9:57  High Templar  
  187  10:01  High Templar x2  
  187  10:02  Archon  
  187  10:05  Archon  
  191  10:07  Zealot x4  
Show
View Real Time Build Order
Export as new Build Order

A.I. 1 (Very Easy) Protoss - Winner!

Build Orders: 1 Gate Expand, Nexus First 

Get SALT Encoding   

  12  0:00  Probe  
  13  0:13  Probe  
  14  0:19  Pylon  
  14  0:41  Gateway  
  14  1:01  Nexus  
  14  1:20  Pylon  
  14  1:21  Zealot  
  14  1:24  Assimilator  
  16  1:36  Cybernetics Core  
  16  1:39  Probe  
  17  1:51  Probe  
  18  2:00  Assimilator  
  18  2:01  Probe  
  19  2:09  Probe  
  19  2:10  Stalker  
  22  2:18  Probe  
  22  2:20  Warp Gate  
  22  2:21  Probe  
  24  2:32  Probe  
  25  2:39  Probe  
  26  2:53  Probe  
  26  2:55  Assimilator  
  26  2:56  Pylon  
  27  3:00  Probe  
  28  3:07  Probe  
  29  3:14  Probe  
  29  3:16  Robotics Facility  
  30  3:22  Probe  
  30  3:25  Probe  
  30  3:26  Zealot  
  34  3:37  Probe  
  35  3:43  Probe  
  36  3:51  Probe  
  37  3:58  Probe  
  38  4:03  Observer  
  38  4:04  Probe  
  40  4:13  Probe  
  40  4:15  Observer  
  40  4:16  Probe  
  41  4:18  Assimilator  
  43  4:27  Probe  
  44  4:34  Probe  
  45  4:39  Pylon, Sentry  
  45  4:41  Probe  
  48  4:48  Probe  
  49  4:56  Probe  
Tags
 
Add a new tag
Caveats
  • Supply blocks, unpowered buildings, or Contaminate may cause inaccurate times.
  • Supply counts are checked every 10 seconds.